Map: Rhoskallian LE

Players

BillyCoen - Winner!

  • Race: Protoss Protoss

HORSES - Winner!

  • Race: Zerg Zerg

VOD

Have the link to the VOD?

Description

Time

  • Played on: Dec. 11, 2021, 7:21 a.m.
  • Length: 20:31
Show
View Real Time Build Order
Export as new Build Order

BillyCoen Protoss - Winner!

Build Orders:  

Get SALT Encoding   

  13  0:11  Probe (Chrono Boost)  
  13  0:55  Pylon  
  13  1:09  Pylon  
  13  1:11  Assimilator  
  13  1:18  Probe (Chrono Boost)  
  13  1:19  Assimilator  
  14  1:35  Probe (Chrono Boost)  
  14  1:39  Forge  
  15  1:51  Gateway  
  15  1:57  Probe (Chrono Boost)  
  16  2:14  Probe (Chrono Boost)  
  17  2:27  Probe (Chrono Boost)  
  18  2:39  Probe (Chrono Boost)  
  19  2:51  Probe (Chrono Boost)  
  20  3:01  Zealot  
  22  3:32  Cybernetics Core  
  22  3:35  Protoss Ground Weapons Level 1  
  22  3:39  Zealot  
  24  4:17  Zealot  
  26  4:54  Stargate  
  26  4:55  Zealot  
  28  5:51  Protoss Air Weapons Level 1 (Chrono Boost)  
  28  6:02  Probe  
  29  6:26  Pylon  
  29  6:30  Pylon  
  29  6:34  Pylon  
  29  6:42  Pylon  
  29  6:43  Void Ray  
  29  6:46  Pylon  
  29  6:54  Probe  
  34  7:33  Fleet Beacon  
  34  8:09  Nexus  
  34  8:16  Assimilator  
  34  8:22  Carrier (Chrono Boost)  
  34  8:23  Assimilator  
  34  8:35  Protoss Air Armor Level 1 (Chrono Boost)  
  40  9:47  Carrier (Chrono Boost)  
  40  9:51  Probe (Chrono Boost)  
  41  10:04  Probe (Chrono Boost)  
  42  10:15  Probe (Chrono Boost)  
  47  10:32  Probe (Chrono Boost)  
  42  11:27  Probe (Chrono Boost)  
  43  11:36  Void Ray  
  43  11:38  Probe (Chrono Boost)  
  48  11:52  Probe (Chrono Boost)  
  49  12:07  Probe (Chrono Boost)  
  49  12:19  Probe (Chrono Boost)  
  50  12:28  Void Ray  
  55  13:20  Void Ray  
  59  14:12  Void Ray  
  63  14:36  Carrier (Chrono Boost)  
  63  14:47  Stargate  
  63  14:49  Stargate  
  69  15:49  Carrier (Chrono Boost)  
  75  17:20  Carrier (Chrono Boost)  
Show
View Real Time Build Order
Export as new Build Order

HORSES Zerg - Winner!

Build Orders:  

Get SALT Encoding   

  12  0:23  Drone x2  
  12  0:27  Overlord  
  14  0:54  Spawning Pool  
  13  1:02  Drone x2  
  15  1:14  Overlord  
  15  1:24  Drone  
  16  1:41  Drone  
  17  2:00  Drone  
  17  2:02  Queen  
  20  2:22  Hatchery  
  19  2:30  Drone x2  
  19  2:35  Extractor  
  20  2:45  Zergling x2  
  21  3:04  Zergling x2  
  22  3:12  Drone  
  23  3:23  Queen  
  25  3:43  Zergling x8  
  29  4:04  Drone  
  30  4:13  Queen  
  32  4:37  Drone  
  33  4:40  Drone  
  33  4:43  Zergling x4  
  36  5:04  Extractor  
  35  5:19  Drone, Metabolic Boost  
  36  5:24  Overlord x2  
  36  5:28  Overlord x2  
  36  6:09  Drone x3  
  39  6:10  Drone  
  39  6:18  Drone  
  39  6:19  Drone x2  
  43  6:22  Drone x2  
  45  6:33  Drone x3  
  48  6:50  Lair  
  41  7:36  Zergling x6  
  43  7:50  Drone  
  44  8:03  Roach Warren  
  44  8:09  Drone x2  
  45  8:11  Evolution Chamber  
  45  8:12  Zergling x8  
  45  8:13  Zergling x6  
  45  8:18  Overlord x3  
  51  8:53  Drone x2  
  53  9:00  Extractor  
  53  9:08  Evolution Chamber  
  50  9:16  Roach Warren  
  48  9:35  Drone x3  
  48  9:38  Drone  
  52  9:43  Roach x6  
  64  9:55  Roach x2  
  64  9:56  Roach x2  
  72  10:02  Overlord  
  72  10:07  Glial Reconstitution  
  72  10:09  Zerg Missile Weapons Level 1  
  72  10:11  Zerg Melee Weapons Level 1  
  54  10:53  Roach  
  54  10:54  Roach x4  
  64  11:01  Roach  
  64  11:02  Roach x2  
  70  11:53  Extractor  
  69  12:06  Roach x3  
  69  12:07  Roach x3  
  81  12:12  Roach x3  
  87  12:32  Overlord  
  87  12:47  Roach x2  
  87  12:49  Zerg Ground Armor Level 1  
  91  13:14  Roach x3  
  97  13:29  Roach x4  
  105  13:30  Roach  
  107  14:07  Overlord x2  
  107  14:08  Overlord x2  
  107  14:14  Overlord x2  
  107  14:15  Overlord  
  107  14:39  Roach x3  
  113  14:45  Roach  
  113  14:46  Roach x2  
  113  14:49  Roach x3  
  125  15:08  Roach  
  127  15:24  Roach x2  
  131  15:31  Zerg Missile Weapons Level 2  
  131  15:35  Zerg Melee Weapons Level 2  
  131  15:45  Roach  
  131  15:46  Roach x4  
  141  16:47  Roach  
  141  16:48  Roach x4  
  151  16:51  Roach x2, Zergling x2  
  151  16:52  Roach x3  
Tags
 
Matchup
Co-op
Replay Pack
re
Add a new tag
Caveats
  • Supply blocks, unpowered buildings, or Contaminate may cause inaccurate times.
  • Supply counts are checked every 10 seconds.